Map: Ruby Rock LE

Players

SZNightMare (NightMare) - Winner!

  • Race: Protoss Protoss
  • League: Master
  • Spawn Location: 5:00

ratgameplay (uThermal)

  • Race: Protoss Protoss
  • League: Master
  • Spawn Location: 11:00

VOD

Have the link to the VOD?

Description

Time

  • Played on: Jan. 30, 2026, 7:14 a.m.
  • Length: 6:35
Show
View Real Time Build Order
Export as new Build Order

SZNightMare Protoss - Winner!

Build Orders:  

Get SALT Encoding   

  12  0:00  Probe  
  13  0:12  Probe  
  14  0:16  Pylon  
  14  0:24  Probe  
  15  0:32  Probe  
  15  0:37  Gateway  
  15  0:40  Probe  
  16  0:48  Assimilator  
  17  0:50  Probe  
  18  1:03  Probe  
  19  1:05  Gateway  
  19  1:15  Probe  
  20  1:24  Cybernetics Core  
  20  1:27  Probe  
  23  1:40  Pylon  
  23  1:44  Probe  
  23  1:46  Assimilator  
  22  1:56  Probe  
  22  1:58  Stalker x2  
  27  2:13  Probe  
  28  2:16  Pylon  
  28  2:18  Warp Gate  
  28  2:25  Probe  
  29  2:32  Stalker  
  29  2:33  Stalker  
  33  2:51  Probe  
  33  3:02  Robotics Facility  
  33  3:05  Stalker  
  33  3:12  Pylon  
  35  3:14  Stalker  
  37  3:38  Immortal  
  35  3:44  Gateway  
  35  3:45  Pylon  
  35  3:52  Shield Battery  
  39  4:08  Adept x2  
  39  4:09  Immortal  
  43  4:23  Pylon  
  47  4:42  Pylon  
  47  4:45  Sentry  
  47  4:56  Warp Prism  
  47  4:59  Pylon  
  49  5:12  Adept x2  
  49  5:14  Pylon  
  51  5:27  Immortal  
  55  5:42  Sentry  
  57  5:46  Stalker  
  54  6:00  Probe  
  49  6:13  Stalker  
  49  6:25  Gateway  
Show
View Real Time Build Order
Export as new Build Order

ratgameplay Protoss 

Build Orders:  

Get SALT Encoding   

  12  0:00  Probe  
  13  0:12  Probe  
  14  0:23  Pylon  
  14  0:24  Probe  
  15  0:38  Probe  
  15  0:42  Gateway  
  16  0:46  Probe  
  16  0:49  Assimilator  
  16  0:55  Probe  
  17  1:02  Gateway  
  18  1:08  Probe  
  19  1:12  Assimilator  
  19  1:20  Probe  
  20  1:32  Probe, Cybernetics Core  
  21  1:39  Pylon  
  21  1:42  Probe  
  22  1:50  Probe  
  22  1:58  Probe  
  23  2:02  Pylon  
  24  2:08  Adept x2  
  24  2:09  Warp Gate  
  28  2:17  Probe  
  28  2:21  Robotics Facility  
  29  2:30  Gateway  
  29  2:35  Stalker  
  31  2:44  Stalker  
  33  2:58  Pylon  
  33  2:59  Immortal  
  36  3:20  Shield Battery  
  36  3:28  Warp Prism  
  35  3:56  Stalker x2  
  35  3:57  Stalker  
  35  3:58  Immortal  
  45  4:15  Pylon  
  45  4:22  Adept  
  47  4:28  Adept  
  41  4:52  Immortal  
  41  5:08  Sentry  
  41  5:13  Probe  
  42  5:22  Sentry  
  42  5:27  Probe  
  45  5:28  Adept  
  44  5:40  Probe  
  42  5:52  Probe  
  37  6:10  Sentry  
  37  6:11  Zealot  
Tags
 
Add a new tag
Caveats
  • Supply blocks, unpowered buildings, or Contaminate may cause inaccurate times.
  • Supply counts are checked every 10 seconds.